Map: Ephemeron LE

Players

Ivanosky

  • Race: Terran Terran
  • League: Gold
  • Spawn Location: 5:00

Ratl - Winner!

  • Race: Protoss Protoss
  • League: Bronze
  • Spawn Location: 11:00

VOD

Have the link to the VOD?

Description

Time

  • Played on: Dec. 26, 2019, 8:16 p.m.
  • Length: 13:01
Show
View Real Time Build Order
Export as new Build Order

Ivanosky Terran 

Build Orders:  

Get SALT Encoding   

  12  0:01  SCV  
  13  0:13  SCV  
  14  0:20  Supply Depot  
  14  0:25  SCV  
  15  0:31  Refinery  
  15  0:36  Refinery  
  15  0:49  Barracks  
  15  0:54  SCV  
  16  1:06  SCV  
  17  1:15  Supply Depot  
  17  1:19  SCV  
  18  1:31  SCV  
  19  1:37  Marine  
  20  1:44  Orbital Command  
  20  1:58  Factory  
  20  2:11  Marine  
  20  2:14  SCV  
  22  2:26  SCV  
  22  2:28  Supply Depot  
  22  2:29  Marine  
  24  2:38  SCV  
  24  2:43  Starport, Factory Tech Lab  
  25  2:50  SCV  
  26  2:53  Marine, Supply Depot  
  27  3:02  SCV  
  28  3:14  SCV  
  29  3:20  Supply Depot  
  29  3:25  Marine  
  29  3:29  Siege Tank  
  29  3:31  SCV  
  33  3:37  Fusion Core  
  33  3:42  Marine  
  34  3:55  SCV  
  35  4:00  Marine  
  36  4:14  SCV  
  37  4:28  SCV  
  38  4:38  Barracks Tech Lab  
  38  4:45  Starport, Weapon Refit  
  38  4:47  Barracks, Factory Tech Lab  
  38  4:50  Barracks  
  38  4:53  Battlecruiser  
  44  5:02  SCV  
  44  5:03  Combat Shield  
  45  5:12  Command Center  
  45  5:28  SCV  
  46  5:37  Supply Depot  
  46  5:38  Engineering Bay  
  46  5:44  Battlecruiser  
  52  5:54  Barracks Reactor  
  52  5:55  Barracks Reactor  
  52  5:57  SCV  
  53  6:15  Missile Turret  
  53  6:16  Missile Turret x2  
  54  6:18  SCV  
  54  6:24  Orbital Command  
  54  6:34  Supply Depot  
  54  6:35  Factory Tech Lab  
  54  6:57  Supply Depot  
  54  7:36  Marine x4  
  58  7:37  Marine  
  59  7:54  Marine x3  
  59  7:55  Marauder  
  64  8:06  Command Center  
  64  8:08  SCV x2, Battlecruiser  
  72  8:16  Marauder  
  74  8:20  SCV  
  69  8:45  SCV x2  
  71  8:57  SCV x2  
  73  9:03  Marine x5  
  73  9:07  Concussive Shells  
  73  9:09  SCV x2  
  80  9:21  Marine x4, SCV x2  
  80  9:22  Marauder  
  88  9:25  Orbital Command  
  88  9:30  Refinery  
  88  9:34  Refinery  
  88  9:40  Marine x2  
  88  9:41  Marine x2  
  88  9:42  Medivac  
  88  9:43  Marauder  
  96  9:50  Stimpack  
  96  9:57  Raven  
  98  10:12  Raven  
  100  10:20  Missile Turret x2  
  100  10:22  Missile Turret x2  
  100  10:23  Siege Tank  
  100  10:25  SCV x2, Missile Turret  
  100  10:26  SCV  
  106  10:34  Supply Depot  
  106  10:36  Supply Depot  
  106  10:37  SCV x2  
  106  10:38  SCV  
  106  10:39  Supply Depot  
  109  10:55  Marine x5, Medivac  
  116  11:01  Supply Depot  
  116  11:04  Supply Depot  
  116  11:09  Missile Turret  
  116  11:13  Marine x2  
  118  11:27  Supply Depot  
  64  11:54  Marine x5  
  61  11:56  Siege Tank  
  68  12:05  Viking  
  69  12:12  Marine x5  
  73  12:19  Orbital Command  
  66  12:28  Siege Tank  
  66  12:29  Marine x2  
  65  12:30  Marine x2, Marauder  
Show
View Real Time Build Order
Export as new Build Order

Ratl Protoss - Winner!

Build Orders: Double Forge 

Get SALT Encoding   

  12  0:02  Probe  
  13  0:15  Probe  
  13  0:20  Pylon  
  14  0:27  Probe (Chrono Boost)  
  15  0:38  Probe (Chrono Boost)  
  15  0:39  Gateway  
  16  0:46  Probe  
  17  0:50  Assimilator  
  17  0:58  Probe  
  17  1:00  Assimilator  
  18  1:10  Probe  
  19  1:16  Gateway  
  19  1:25  Probe  
  20  1:33  Cybernetics Core  
  20  1:38  Probe  
  21  1:50  Probe  
  22  1:56  Pylon  
  22  2:02  Probe  
  22  2:04  Pylon  
  22  2:13  Warp Gate (Chrono Boost)  
  22  2:14  Probe, Stalker x2  
  27  2:26  Probe  
  28  2:35  Robotics Facility  
  28  2:38  Probe  
  29  2:47  Stalker  
  29  2:50  Probe  
  32  2:53  Stalker  
  34  3:02  Probe  
  35  3:35  Probe  
  35  3:41  Nexus  
  36  3:44  Assimilator  
  36  3:46  Pylon  
  36  3:48  Probe, Pylon  
  37  3:54  Observer  
  38  4:03  Probe  
  39  4:16  Probe  
  40  4:28  Probe  
  41  4:42  Forge  
  41  4:43  Forge  
  41  4:47  Robotics Bay  
  41  4:50  Pylon  
  41  4:58  Probe x2  
  43  5:01  Gateway  
  43  5:02  Gateway  
  43  5:08  Assimilator  
  43  5:10  Probe x2  
  45  5:19  Pylon x2  
  45  5:22  Probe  
  45  5:25  Gateway  
  45  5:26  Gateway  
  46  5:31  Probe  
  46  5:32  Gateway  
  46  5:34  Probe  
  48  5:57  Probe  
  48  5:58  Probe  
  50  6:14  Shield Battery  
  50  6:24  Shield Battery  
  50  6:26  Stalker x2  
  50  6:27  Stalker  
  50  6:29  Stalker x3  
  50  6:30  Protoss Ground Weapons Level 1 (Chrono Boost), Protoss Ground Armor Level 1 (Chrono Boost)  
  62  6:38  Immortal  
  62  7:07  Probe  
  63  7:19  Probe  
  64  7:30  Stalker  
  64  7:31  Stalker x5  
  64  7:32  Probe, Stalker  
  79  7:38  Immortal  
  83  8:17  Immortal  
  83  8:19  Twilight Council  
  85  8:28  Gateway  
  85  8:29  Gateway  
  85  8:31  Gateway  
  83  8:43  Nexus  
  83  8:46  Assimilator  
  83  8:49  Assimilator  
  83  8:50  Pylon  
  83  8:56  Pylon  
  83  9:02  Pylon  
  83  9:04  Pylon  
  83  9:07  Pylon  
  83  9:08  Pylon  
  83  9:11  Gateway  
  83  9:14  Gateway, Colossus  
  83  9:16  Gateway  
  83  9:17  Gateway  
  83  9:23  Protoss Ground Armor Level 2 (Chrono Boost)  
  89  9:27  Protoss Ground Weapons Level 2 (Chrono Boost)  
  89  9:43  Extended Thermal Lance  
  89  9:47  Probe  
  89  9:48  Probe  
  92  10:00  Probe x2, Blink  
  92  10:04  Stalker  
  95  10:07  Stalker  
  95  10:12  Probe x2  
  99  10:18  Probe  
  100  10:24  Probe x2  
  100  10:25  Colossus  
  108  10:28  Stalker  
  108  10:30  Probe  
  111  10:36  Probe x2  
  111  10:42  Probe  
  114  10:44  Observer  
  114  10:56  Pylon  
  113  11:18  Stalker  
  113  11:19  Observer, Stalker x6  
  113  11:20  Stalker x3  
  113  11:21  Stalker  
  98  11:40  Observer  
  98  11:44  Stalker x3  
  98  11:45  Stalker x3  
  105  12:01  Colossus  
  111  12:09  Stalker x4  
Tags
 
Add a new tag
Caveats
  • Supply blocks, unpowered buildings, or Contaminate may cause inaccurate times.
  • Supply counts are checked every 10 seconds.